AoeStats
← RDA Ronan

African Clearing

506416915Analyzed
2v2 RM · 18d ago on Sep 13, 2026· 26m 20s· 4 players
Game mode
Random Map
Map size
Medium (4 player)
Population
200
Speed
Normal
Resources
Standard
Victory
Conquest
Starting age
Dark Age
Ending age
Imperial Age
RankedLock teamsTeams togetherTeam positionsShared explorationLock speedFull tech treeHidden civsTurbo modeCheats
Victory
Defeat
🇦🇷 Mongols · Argentina
1218
+15
🇦🇷 Vietnamese · Argentina
1218
+15
🇦🇷 Malay · Argentina
1232
-16
🇩🇪 Malians · Germany
1177
-14
RDA Ghosti
13:10 Feudal Age
12:03 Loom
13:49 Feudal Age
17:55 Castle Age
17:41 Fletching
18:37 Double-Bit Axe
19:03 Bodkin Arrow
21:18 Bow Saw
22:25 Gold Mining
25:50 Ballistics
RDA Ronan
5:14 Loom
12:32 Feudal Age
13:33 Town Watch
16:29 Castle Age
15:18 Double-Bit Axe
15:36 Stone Mining
18:47 Bow Saw
19:14 Fletching
26:00 Bodkin Arrow
27:33 Wheelbarrow
Magic Beam
8:34 Loom
14:45 Feudal Age
14:59 Man-at-Arms
19:35 Castle Age
18:16 Scale Mail Armor
19:36 Long Swordsman
20:35 Chain Mail Armor
Inmortal97
5:07 Loom
14:36 Feudal Age
14:13 Double-Bit Axe
14:11 Horse Collar
23:26 Castle Age
Connection lost

Rejoining the realm…

Still unreachable

The connection could not be restored.

Session expired

The server has moved on; the page needs a fresh start.